 Dungeon Crawl Stone Soup version 0.31-a0-836-g3ceb0a68c4 (webtiles) character file.

Game seed: 3084436770273190523

1894 Kurtz the Cleaver (level 9, -2/61 HPs)
             Began as an Octopode Fighter on Sept 26, 2023.
             Was a Believer of Okawaru.
             Slain by an ufetubus (3 damage)
             ... on level 6 of the Dungeon.
             The game lasted 00:05:19 (5532 turns).

Kurtz the Cleaver (Octopode Fighter)                Turns: 5532, Time: 00:05:21

Health: -2/61      AC:  5    Str: 16    XL:     9   Next: 15%
Magic:  9/9        EV: 13    Int: 10    God:    Okawaru [**....]
Gold:   292        SH:  5    Dex: 15    Spells: 8/8 levels left

rFire   . . .        y - +4 flail (heavy)
rCold   . . .        b - +0 buckler
rNeg    . . .        z - +0 hat
rPois   .            (no amulet)
rElec   .            l - ring of resist corrosion
rCorr   +            s - +4 ring of protection
SInv    .            (no ring)
Will    +....        (no ring)
Stlth   ++           (no ring)
HPRegen 0.30/turn    (no ring)
MPRegen 0.11/turn    (no ring)
                     (no ring)

%: no passive effects
@: lethally poisoned (-2 -> -19), enlightened, flying, invisible
A: almost no armour, amphibious, 8 rings, camouflage 1, gelatinous body 1,
(nimble swimmer 1), tentacles, antennae 1
a: Renounce Religion, Heroism


You were on level 6 of the Dungeon.
You worshipped Okawaru.
Okawaru was pleased with you.
You visited 1 branch of the dungeon, and saw 6 of its levels.

You collected 292 gold pieces.

Inventory:

Hand Weapons
 a - a +0 war axe
 q - a +1 flail of protection
 y - a +4 heavy flail (weapon)
Missiles
 u - 13 poisoned darts (quivered)
 x - 2 javelins
Armour
 b - a +0 buckler (worn)
 z - a +0 hat (worn)
Jewellery
 g - a ring of ice
 l - a ring of resist corrosion (left tentacle)
 s - a +4 ring of protection (right tentacle)
 A - a ring of willpower
Scrolls
 d - 3 scrolls of teleportation {unknown}
 e - 2 scrolls of enchant weapon {unknown}
 f - 2 scrolls of poison {unknown}
 j - a scroll of brand weapon {unknown}
 k - a scroll of noise {unknown}
 m - a scroll of amnesia {unknown}
 n - 3 scrolls of identify {unknown}
 p - a scroll of blinking {unknown}
 r - a scroll of vulnerability {unknown}
 w - a scroll of summoning {unknown}
Potions
 c - 3 potions of might
 h - 2 potions of mutation
 t - a potion of degeneration {unknown}
 v - a potion of curing {unknown}


   Skills:
 * Level 5.3 Fighting
 * Level 10.3 Axes
 - Level 3.0 Dodging
 * Level 4.4 Shields
 - Level 1.1 Invocations


You had 8 spell levels left.
You didn't know any spells.
Your spell library contained the following spells:

 Spells                   Type           Power      Damage    Failure   Level
 Slow                     Hex            0%         N/A       43%         1
 Confusing Touch          Hex            0%         N/A       82%         3
 Sigil of Binding         Hex            0%         N/A       82%         3
 Vampiric Draining        Necr           0%         2d6       82%         3


Dungeon Overview and Level Annotations

Branches:
Dungeon (6/15)             Temple (0/1) D:5

Altars:
Ashenzari
Cheibriados
Elyvilon
Hepliaklqana
Okawaru
Sif Muna
Wu Jian
Yredelemnul

Annotations:
D:5 1 runed translucent door, Kurtz's ghost, novice OpFi


Innate Abilities, Weirdness & Mutations

You cannot wear most types of armour.
You are amphibious.
You can wear up to eight rings at the same time.
Your skin changes colour to match your surroundings (Stealth+).
Your rubbery body absorbs attacks. (AC +1, EV +1)
((You are camouflaged when in or above water. (Stealth+)))
You have tentacles for arms and can constrict up to eight enemies at once.
You have a pair of small antennae on your head.


Message History

The ufetubus hits you. The ufetubus barely misses you.
The orc hits you with a +2 dagger of venom.
You are more poisoned.
The orc barely misses you. The orc hits you with a +0 whip.
The orc hits you with a +0 flail. The orc hits you with a +0 short sword.
The ufetubus misses you. x2; A sky beast appears from thin air!
Reactivating autopickup.
The orc hits you but does no damage. The orc barely misses you.
The orc closely misses you. You block the orc's attack.
The ufetubus barely misses you.
The ufetubus hits you but does no damage.
It was a potion of mutation.
You feel extremely strange. A pair of antennae grows on your head!
You constrict the orc.
* * * LOW HITPOINT WARNING * * *
You feel very sick.
The ufetubus completely misses you. x2; The orc hits you with a +0 short sword.
* * * LOW HITPOINT WARNING * * *
The orc hits you with a +2 dagger of venom.
* * * LOW HITPOINT WARNING * * *
You are more poisoned.
You block the orc's attack. The orc barely misses you.
It was a potion of invisibility.
You fade into invisibility!
You constrict the orc.
You kill the orc!
Okawaru accepts your kill.
* * * LOW HITPOINT WARNING * * *
You feel extremely sick. The ufetubus closely misses you.
The ufetubus misses you. You block the sky beast's attack.
You block the orc's attack. The orc hits you but does no damage.
The ufetubus closely misses you. The ufetubus misses you.
It was a potion of enlightenment.
You feel very buoyant.
You fly up into the air.
* * * LOW HITPOINT WARNING * * *
You feel very sick. The ufetubus hits you.
You die...

..# ... ....
.....#######
.....#.....##
.(..........##
.......<5....#
......)@Yo...#
......Ooo(.....
.......o..(....
..........(....
####:.........#
#.......($..
#...........
#..........#


You could see a sky beast (unable to see you), an ogre (unable to see you), 4
orcs and an ufetubus (unable to see you).

Vanquished Creatures
  Sigmund (D:3)
  Menkaure (D:4)
  Edmund (D:5)
  A black bear (D:4)
  3 ogres
  3 phantoms
  A kobold brigand (D:4)
  A scorpion (D:4)
  2 howler monkeys (D:3)
  3 hounds
  3 gnoll boudas (D:3)
  2 sleepcaps
  2 iguanas
  3 orc wizards (D:5)
  Robin (D:2)
  13 gnolls
  4 adders
  A shadow imp (D:6)
  4 worms
  5 dart slugs
  33 orcs
  6 endoplasms
  2 giant cockroaches
  12 goblins
  7 hobgoblins
  15 jackals
  5 quokkas
  6 ball pythons
  6 bats
  5 frilled lizards
  6 kobolds
158 creatures vanquished.

Notes
Turn   | Place    | Note
-------+----------+-------------------------------------------
     0 | D:1      | Kurtz the Octopode Fighter began the quest for the Orb.
     0 | D:1      | Reached XP level 1. HP: 16/16 MP: 1/1
   131 | D:1      | Reached XP level 2. HP: 20/21 MP: 2/2
   200 | D:1      | Reached skill level 3 in Axes
   728 | D:2      | Reached XP level 3. HP: 10/26 MP: 3/3
   856 | D:2      | Found a basalt altar of Yredelemnul.
  1257 | D:2      | Reached skill level 4 in Axes
  1391 | D:2      | Reached XP level 4. HP: 15/31 MP: 4/4
  1558 | D:3      | Noticed Robin
  1654 | D:2      | Killed Robin
  1739 | D:3      | Reached skill level 5 in Axes
  1740 | D:3      | Reached XP level 5. HP: 24/36 MP: 5/5
  1762 | D:3      | Noticed Sigmund
  1805 | D:3      | Killed Sigmund
  1806 | D:3      | Reached skill level 6 in Axes
  1806 | D:3      | Reached XP level 6. HP: 34/42 MP: 6/6
  1894 | D:3      | Found a broken altar of Ashenzari.
  1999 | D:3      | You fall into a shaft and drop 2 floors!
  1999 | D:5      | Entered Level 5 of the Dungeon
  2001 | D:5      | Found an ornate altar of the Wu Jian Council.
  2044 | D:5      | Found an iron altar of Okawaru.
  2080 | D:5      | Became a worshipper of Warmaster Okawaru
  2192 | D:4      | Reached skill level 7 in Axes
  2234 | D:4      | Identified the +3 leather armour "Tafemokh" {*Corrode rC+++
                  | rN++}
  2281 | D:4      | Found a shimmering blue altar of Sif Muna.
  2336 | D:4      | Found a snail-covered altar of Cheibriados.
  2352 | D:4      | Reached XP level 7. HP: 18/46 MP: 7/7
  2576 | D:3      | Reached skill level 1 in Invocations
  2618 | D:3      | Reached * piety under Okawaru
  2966 | D:3      | Reached skill level 8 in Axes
  3398 | D:4      | Found a white marble altar of Elyvilon.
  3489 | D:4      | Reached XP level 8. HP: 48/52 MP: 8/8
  3490 | D:4      | Noticed Menkaure
  3495 | D:4      | Killed Menkaure
  3496 | D:4      | Reached skill level 9 in Axes
  3609 | D:4      | Found a hazy altar of Hepliaklqana.
  4189 | D:5      | Found a staircase to the Ecumenical Temple.
  4310 | D:5      | Found a runed translucent door.
  4379 | D:5      | Reached ** piety under Okawaru
  4519 | D:5      | Noticed Kurtz's ghost (novice OpFi)
  4605 | D:5      | Reached skill level 10 in Axes
  4612 | D:5      | Reached XP level 9. HP: 55/60 MP: 9/9
  4748 | D:5      | Noticed Edmund
  4760 | D:5      | Killed Edmund
  4761 | D:5      | Reached skill level 5 in Fighting
  5530 | D:6      | Gained mutation: You have a pair of small antennae on your
                  | head. [potion of mutation]
  5532 | D:6      | HP: 1/61 [poisoned by an orc]
  5532 | D:6      | Slain by an ufetubus

Illustrated notes

Levels and vault maps discovered:
D:1:      amcnicky_arrival_double_pillar, layout_loops_ring
D:2:      layout_basic, basic_altar, serial_bayou_pond_e
D:3:      lemuel_castle_with_subvaults [lemuel_castle_interior_carwin_3],
          layout_rooms, evilmike_ruin_ashenzari, uniq_robin, uniq_sigmund
D:4:      layout_loops_cross, nzn_hepliaklqana_mist_gate, lemuel_tele_altar,
          slow_altar_1, mainiacjoe_overflow_surrounded_room, uniq_menkaure
D:5:      layout_layer_cave, nzn_wu_jian_council_hall,
          mainiacjoe_overflow_brackets, minmay_temple_entry_statues_pillars,
          ebering_ghost_reflecting_pool, nicolae_figureground_pulse, uniq_edmund
D:6:      minmay_cornered_nines, layout_rooms, trog_butcher_becter,
          makhleb_altar_promises_db, uniq_grinder

Skill      XL: |  1  2  3  4  5  6  7  8  9 |
---------------+----------------------------+-----
Axes           | 3 4 5 6 7 8 10 | 10.3
Invocations    | 1 |  1.1
Fighting       | 4 5 |  5.3
Shields        | 4 |  4.4
Dodging        | |  3.0

Action                     |  1- 3 |  4- 6 |  7- 9 || total
---------------------------+-------+-------+-------++-------
  Melee: War axe           |    57 |    76 |    39 ||   172
         Constrict         |     8 |    19 |    56 ||    83
         Tentacles         |     7 |    17 |    60 ||    84
         Punch             |       |     2 |     4 ||     6
         Flail             |       |       |   191 ||   191
  Throw: Dart              |       |       |     6 ||     6
 Invoke: Heroism           |       |       |     1 ||     1
    Use: Potion            |       |       |     3 ||     3
   Stab: Sleeping          |     5 |       |     9 ||    14
         Distracted        |       |       |     1 ||     1
 Armour: Skin              |    31 |    43 |   116 ||   190
  Dodge: Dodged            |    27 |    49 |   163 ||   239
  Block: Buckler           |     8 |    22 |    55 ||    85

Table legend: (Time is in decaauts)
 A = Elapsed time spent in this place.
 B = Non-inter-level travel time spent in this place.
 C = Inter-level travel time spent in this place.
 D = Time resting spent in this place.
 E = Time spent auto-exploring this place.
 F = Levels seen in this place.
 G = Mean time per level.
                   A        B        C        D        E       F      G
               +--------+--------+--------+--------+--------+-----+--------+
         Total |   5617 |   5404 |    213 |    771 |   3506 |   6 |  936.2 |
       Dungeon |   5617 |   5404 |    213 |    771 |   3506 |   6 |  936.2 |
               +--------+--------+--------+--------+--------+-----+--------+

Top non-repeatable levels by time:
     D:5: 1466 daAuts
     D:3: 1311 daAuts
     D:4: 1153 daAuts
     D:2: 958 daAuts
     D:1: 708 daAuts
     D:6: 18 daAuts
